 Dungeon Sprint DCSS version 0.28-a0-29-g0adfcbbeba (webtiles) character file.

Game seed: 17457362816660774849

12259 Conn the Arsonist (level 11, -2/66 HPs)
             Began as an Octopode Fire Elementalist on July 27, 2021.
             Was the Champion of Sif Muna.
             Slain by a lorocyproca (39 damage)
             ... in the Dungeon (Sprint I: "Red Sonja").
             The game lasted 00:32:30 (3198 turns).

Conn the Arsonist (Octopode Fire Elementalist)      Turns: 3198, Time: 00:32:34

Health: -2/66      AC:  1    Str:  8    XL:     11   Next: 90%
Magic:  4/28       EV: 17    Int: 31    God:    Sif Muna [******]
Gold:   196        SH:  0    Dex: 18    Spells: 0/36 levels left

rFire   + . .      SeeInvis .   o - +3 rapier "Burit" {drain, +Rage Int+4 Stlth+}
rCold   + . .      Faith    .   (no shield)
rNeg    . . .      Spirit   .   (helmet restricted)
rPois   +          Reflect  .   k - amulet of the acrobat
rElec   .          Harm     .   p - ring "Nadostrec" {rF+ Int+6 Dex+6}
rCorr   .          Rampage  .   f - ring "Maxabau" {rPois rC+ Slay+5}
Will    .....      NoTele   +   (no ring)
Stlth   ++++++....              (no ring)
HPRegen 0.21/turn               (no ring)
MPRegen 0.21/turn               (no ring)
                                (no ring)
                                (no ring)

@: no status effects
A: almost no armour, amphibious, 8 rings, camouflage 1, gelatinous body 1,
(nimble swimmer 1), tentacles
a: Renounce Religion, Evoke Berserk Rage, Channel Magic, Forget Spell, Divine
Exegesis


You were in the Dungeon.
You worshipped Sif Muna.
Sif Muna was exalted by your worship.
You visited 1 branch You collected 2589 gold pieces.
You spent 2393 gold pieces at shops.

Inventory:

Hand Weapons
 e - a +0 dagger
 j - a +2 dagger of draining
 o - the +3 rapier "Burit" (weapon) {drain, +Rage Int+4 Stlth+}
   (You found it in the Dungeon)

   A truly terrible weapon, it drains the life of any living foe it strikes.
   Int:       It affects your intelligence (+4).
   +Rage:     It lets you go berserk.
   Stlth:     It makes you more stealthy.
Missiles
 i - 5 curare-tipped darts (quivered)
Jewellery
 f - the ring "Maxabau" (right tentacle) {rPois rC+ Slay+5}
   (You bought it in a shop in the Dungeon)

   [ring of protection from cold]

   Slay:      It affects your accuracy & damage with ranged weapons and melee
   (+5).
   rC:        It protects you from cold.
   rPois:     It protects you from poison.
 h - an amulet of regeneration
 k - an amulet of the acrobat (around mantle)
 p - the ring "Nadostrec" (left tentacle) {rF+ Int+6 Dex+6}
   (You bought it in a shop in the Dungeon)

   [ring of dexterity]

   Int:       It affects your intelligence (+6).
   Dex:       It affects your dexterity (+6).
   rF:        It protects you from fire.
Wands
 c - a wand of flame (19)
 l - a wand of paralysis (11)
Potions
 a - 3 potions of curing
 d - 2 potions of magic
 g - 2 potions of degeneration {unknown}
 m - a potion of ambrosia {unknown}
 n - a potion of lignification {unknown}


   Skills:
 + Level 2.7 Fighting
 + Level 4.2 Short Blades
 + Level 0.4 Throwing
 + Level 6.6 Dodging
 - Level 7.0 Stealth
 + Level 13.3 Spellcasting
 + Level 13.3 Conjurations
 - Level 4.5 Hexes
 + Level 6.5 Summonings
 + Level 3.9 Translocations
 + Level 14.8 Fire Magic
 + Level 2.6 Air Magic
 + Level 2.9 Earth Magic
 - Level 2.0 Poison Magic
 - Level 8.3 Invocations


You couldn't memorise any spells.
You knew the following spells:

 Your Spells              Type           Power      Damage    Failure   Level
a - Foxfire               Conj/Fire      100%       2x1d9     0%          1
b - Conjure Flame         Conj/Fire      83%        6-21      1%          3
c - Inner Flame           Hex/Fire       69%        N/A       1%          3
d - Sticky Flame          Conj/Fire      83%        2d9       1%          4
e - Fireball              Conj/Fire      41%        3d17      1%          5
f - Blink                 Tloc           N/A        N/A       1%          2
g - Bolt of Magma         Conj/Fire/Erth 35%        4d15      1%          5
h - Mephitic Cloud        Conj/Pois/Air  55%        N/A       1%          3
i - Call Imp              Summ           57%        N/A       1%          2
j - Iskenderun's Mystic   Conj/Tloc      65%        2d13      1%          4
k - Hailstorm             Conj/Ice       58%        3d13      1%          4

Your spell library contained the following spells:

 Spells                   Type           Power      Damage    Failure   Level
 Magic Dart               Conj           100%       1d8       0%          1
 Corona                   Hex            54%        N/A       1%          1
 Summon Small Mammal      Summ           100%       N/A       1%          1
 Ensorcelled Hibernation  Hex/Ice        68%        N/A       1%          2
 Call Canine Familiar     Summ           57%        N/A       1%          3
 Gell's Gravitas          Tloc           22%        N/A       1%          3
 Ignite Poison            Fire/Tmut/Pois 53%        N/A       1%          3
 Lesser Beckoning         Tloc           22%        N/A       1%          3
 Summon Guardian Golem    Hex/Summ       53%        N/A       1%          3
 Tukima's Dance           Hex            49%        N/A       1%          3
 Fulminant Prism          Conj/Hex       33%        3d16      1%          4
 Starburst                Conj/Fire      41%        8x6d12    1%          6
 Lightning Bolt           Conj/Air       31%        1d48      2%          5
 Wereblood                Tmut           20%        N/A       3%          2
 Passage of Golubria      Tloc           N/A        N/A       4%          4
 Irradiate                Conj/Tmut      29%        3d23      4%          5
 Freezing Cloud           Conj/Ice/Air   26%        6-21      8%          5
 Summon Forest            Summ/Tloc      26%        N/A       8%          5
 Iron Shot                Conj/Erth      31%        9d6       13%         6
 Ice Form                 Ice/Tmut       20%        N/A       24%         4
 Ignition                 Fire           42%        3d12      34%         8
 Alistair's Intoxication  Tmut/Pois      17%        N/A       38%         5
 Statue Form              Tmut/Erth      19%        N/A       89%         6
 Simulacrum               Ice/Necr       10%        N/A       98%         6
 Disjunction              Tloc           22%        N/A       100%        8
 Maxwell's Capacitive Co  Air            18%        ∞         100%        8
 Chain Lightning          Conj/Air       31%        3d42      100%        9


Dungeon Overview and Level Annotations

Branches:
Dungeon (1/1)

Altars:
Cheibriados
Dithmenos
Elyvilon
Fedhas
Gozag
Hepliaklqana
Kikubaaqudgha
Makhleb
Nemelex Xobeh
Okawaru
Qazlal
Ru
Sif Muna
Trog
Uskayaw
Vehumet
Wu Jian
Xom
Yredelemnul
Zin
The Shining One
Jiyva
Lugonu

Shops:
D :[:*?**?=*?:*=*![![[*


Innate Abilities, Weirdness & Mutations

You cannot wear most types of armour.
You are amphibious.
You can wear up to eight rings at the same time.
Your skin changes colour to match your surroundings (Stealth+).
Your rubbery body absorbs attacks. (AC +1, EV +1)
((You are camouflaged near water. (Stealth+)))
You have tentacles for arms and can constrict up to eight enemies at once.


Message History

The lorocyproca is heavily wounded.
The lorocyproca is knocked back by the mystic blast.
The lorocyproca burns!
Casting: Iskenderun's Mystic Blast (dangerous; 1% risk of failure)
Confirm with . or Enter, or press ? or * to list all spells.
Okay, then.
The lorocyproca burns!
Unknown command.
Casting: Iskenderun's Mystic Blast (dangerous; 1% risk of failure)
Confirm with . or Enter, or press ? or * to list all spells.
You erupt in a blast of force!
The mystic blast hits the lorocyproca but does no damage.
The lorocyproca is heavily wounded.
The lorocyproca burns!
Something hits you!!
Ouch! That really hurt!
* * * LOW HITPOINT WARNING * * *
You feel your power leaking away.
Deactivating autopickup; reactivate with Ctrl-A.
You feel much better. Something hits you.
You feel your power leaking away.
Okay, then.
You aren't carrying any scrolls.
Unknown command.
Casting: Iskenderun's Mystic Blast (dangerous; 1% risk of failure)
Confirm with . or Enter, or press ? or * to list all spells.
Okay, then.
Unknown command.
Unknown command.
Casting: Iskenderun's Mystic Blast (dangerous; 1% risk of failure)
Confirm with . or Enter, or press ? or * to list all spells.
Okay, then.
Casting: Iskenderun's Mystic Blast (dangerous; 1% risk of failure)
Confirm with . or Enter, or press ? or * to list all spells.
Aiming: Sticky Flame (safe; 1% risk of failure)
Press: ? - help, Shift-Dir - straight line The sticky flame hits something.
The lorocyproca is covered in liquid flames!
You feel less invigorated.
The lorocyproca burns!
The lorocyproca hits you!!!
Ouch! That really hurt!
You die...

#################################
'..#__#.['...#..#§§.§§§§§.§§§..#§
#..'^.'..#...##§#.####..§.§##§.'^
##'#__####)..'.§#§# ##§§.#######
.#)####§(#####.§§§#+#$###+# ((##
##[#§≈§§.#§§##°####^.$#y#x##$$$#
#_.'§§≈).§.§#.°○@2#..$###.x###$#
.._#§≈)§.#§§#.^○☼.'..$$$##§#A#$#
.#'##§#####§###○).#^....#.x###$#
'#)#....###.§.#.○.###++##x##..$#
.####'###.###.#..## #..#+###
..'.....'.∩##§#.°# ##.{.
..###########.##'# ##.#
.###.......##.##.# {#
'#.#........'§#### #


You could see a lorocyproca (invisible, burning).

Vanquished Creatures
  A hydra (D)
  2 centaur warriors (D)
  Sonja (D)
  A lindwurm (D)
  A deep troll (D)
  An oklob plant (D)
  A gargoyle (D)
  3 unseen horrors (D)
  2 kobold demonologists (D)
  4 demonic crawlers (D)
  A hornet (D)
  A slime creature (D)
  2 redbacks (D)
  Sigmund (D)
  A yak (D)
  13 hogs (D)
  3 floating eyes (D)
  7 necrophages (D)
  An ogre (D)
  8 jellies (D)
  Ijyb (D)
  2 ballistomycete spores (D)
58 creatures vanquished.

Vanquished Creatures (collateral kills)
  8 shining eyes (D)
  4 floating eyes (D)
12 creatures vanquished.

Vanquished Creatures (others)
  A merfolk siren (D)
  4 hornets (D)
  71 foxfires (D)
76 creatures vanquished.

Grand Total: 146 creatures vanquished

Notes
Turn   | Place    | Note
-------+----------+-------------------------------------------
     0 | D        | Conn the Octopode Fire Elementalist began the quest for the
                  | Orb.
     0 | D        | Reached XP level 1. HP: 11/11 MP: 3/3
     2 | D        | Noticed Ijyb
    20 | D        | Killed Ijyb
    21 | D        | Reached skill level 5 in Fire Magic
    21 | D        | Reached XP level 2. HP: 17/17 MP: 0/5
    21 | D        | Reached XP level 3. HP: 21/21 MP: 0/6
    31 | D        | Learned a level 3 spell: Conjure Flame
    35 | D        | Learned a level 3 spell: Inner Flame
    74 | D        | Noticed an ogre
   105 | D        | Killed an ogre
   106 | D        | Reached skill level 7 in Fire Magic
   106 | D        | Reached XP level 4. HP: 11/27 MP: 2/9
   289 | D        | Noticed Sigmund
   298 | D        | Killed Sigmund
   299 | D        | Reached skill level 9 in Fire Magic
   299 | D        | Reached XP level 5. HP: 31/31 MP: 1/11
   299 | D        | Reached XP level 6. HP: 36/36 MP: 1/12
   399 | D        | Found an ornate altar of the Wu Jian Council.
   399 | D        | Found a shimmering blue altar of Sif Muna.
   401 | D        | Found a radiant altar of Vehumet.
   407 | D        | Reached skill level 10 in Fire Magic
   444 | D        | Became a worshipper of Sif Muna the Loreminder
   472 | D        | Learned a level 4 spell: Sticky Flame
   478 | D        | Found Xioddyoso's Assorted Antiques.
   478 | D        | Found an ancient bone altar of Kikubaaqudgha.
   478 | D        | Found a hazy altar of Hepliaklqana.
   478 | D        | Found a stormy altar of Qazlal.
   478 | D        | Found a hide-covered altar of Uskayaw.
   478 | D        | Found a blossoming altar of Fedhas.
   478 | D        | Found a bloodstained altar of Trog.
   478 | D        | Found an iron altar of Okawaru.
   478 | D        | Found a basalt altar of Yredelemnul.
   478 | D        | Found a glowing golden altar of the Shining One.
   478 | D        | Found a snail-covered altar of Cheibriados.
   478 | D        | Found a sacrificial altar of Ru.
   478 | D        | Found a glowing silver altar of Zin.
   478 | D        | Found a shadowy altar of Dithmenos.
   478 | D        | Found a white marble altar of Elyvilon.
   478 | D        | Noticed a yak
   479 | D        | Found an opulent altar of Gozag.
   503 | D        | Killed a yak
   504 | D        | Reached skill level 5 in Spellcasting
   504 | D        | Reached skill level 5 in Conjurations
   504 | D        | Reached XP level 7. HP: 31/42 MP: 0/14
   603 | D        | Found a sparkling altar of Nemelex Xobeh.
   607 | D        | Bought a dented amethyst amulet for 150 gold pieces
   624 | D        | Learned a level 5 spell: Fireball
   630 | D        | Found a burning altar of Makhleb.
   630 | D        | Found a viscous altar of Jiyva.
   630 | D        | Found a shimmering altar of Xom.
   630 | D        | Found a corrupted altar of Lugonu.
   630 | D        | Noticed a slime creature
   656 | D        | Killed a slime creature
   657 | D        | Reached skill level 5 in Stealth
   657 | D        | Reached skill level 11 in Fire Magic
   762 | D        | Noticed Sonja
   764 | D        | Killed Sonja
   764 | D        | Reached * piety under Sif Muna
   765 | D        | Reached skill level 1 in Short Blades
   765 | D        | Reached skill level 12 in Fire Magic
   765 | D        | Reached XP level 8. HP: 47/47 MP: 7/18
   886 | D        | Found Logh's Book Boutique.
   906 | D        | Noticed a deep troll
   916 | D        | Killed a deep troll
   917 | D        | Reached skill level 5 in Dodging
   917 | D        | Reached skill level 5 in Invocations
  1019 | D        | Found Bitaetruevu's Armour Emporium.
  1063 | D        | Noticed a centaur warrior
  1064 | D        | Killed a centaur warrior
  1065 | D        | Reached skill level 13 in Fire Magic
  1065 | D        | Reached XP level 9. HP: 52/52 MP: 6/21
  1065 | D        | Killed a centaur warrior
  1065 | D        | Reached ** piety under Sif Muna
  1115 | D        | Noticed a hornet
  1120 | D        | Killed a hornet
  1175 | D        | Noticed an oklob plant
  1180 | D        | Killed an oklob plant
  1181 | D        | Reached skill level 10 in Conjurations
  1181 | D        | Reached XP level 10. HP: 57/57 MP: 7/23
  1275 | D        | Reached *** piety under Sif Muna
  1305 | D        | Killed an unseen horror
  1312 | D        | Reached **** piety under Sif Muna
  1312 | D        | Paralysed by a floating eye for 2 turns
  1317 | D        | Killed an unseen horror
  1318 | D        | Reached skill level 10 in Spellcasting
  1318 | D        | Reached skill level 14 in Fire Magic
  1328 | D        | Reached ***** piety under Sif Muna
  1328 | D        | Received a gift from Sif Muna
  1333 | D        | Got Sif Muna's Volume of the Compass and Heat {god gift}
  1337 | D        | Learned a level 2 spell: Blink
  1343 | D        | Learned a level 5 spell: Bolt of Magma
  1465 | D        | Killed a merfolk siren
  1478 | D        | Reached skill level 1 in Fighting
  1478 | D        | Reached skill level 1 in Translocations
  1629 | D        | Found Ariethad's Magic Scroll Shoppe.
  1630 | D        | Found Poem's Distillery.
  1630 | D        | Found Gutal's General Store.
  1630 | D        | Found Weshrem's Antique Armour Emporium.
  1631 | D        | Found Mid Ilel's Jewellery Boutique.
  1632 | D        | Found Ijeluh's Assorted Antiques.
  1643 | D        | Identified the +3 rapier "Burit" {drain, +Rage Int+4
                  | Stlth+}
  1654 | D        | Found Boishai's Assorted Antiques.
  1654 | D        | Found Foezxaar's Magic Scroll Shop.
  1654 | D        | Found Ocein's Book Shoppe.
  1654 | D        | Found Konam's General Store.
  1654 | D        | Found Sutecw's Jewellery Emporium.
  1654 | D        | Found Fehyocwu's Assorted Antiques.
  1654 | D        | Found Suanadid's Distillery.
  1661 | D        | Found Acoocs's Antique Armour Boutique.
  1734 | D        | Bought a book of Minor Magic for 252 gold pieces
  1740 | D        | Learned a level 3 spell: Mephitic Cloud
  1743 | D        | Learned a level 2 spell: Call Imp
  1753 | D        | Noticed a shining eye
  1753 | D        | Noticed a shining eye
  1753 | D        | Noticed a shining eye
  1760 | D        | Paralysed by a floating eye for 2 turns
  1762 | D        | Reached skill level 1 in Summonings
  1766 | D        | Killed a shining eye
  1767 | D        | Noticed a shining eye
  1773 | D        | Noticed a shining eye
  1775 | D        | Noticed a shining eye
  1791 | D        | Paralysed by a floating eye for 3 turns
  1796 | D        | Paralysed by a floating eye for 4 turns
  1799 | D        | Noticed a shining eye
  1803 | D        | Paralysed by a floating eye for 4 turns
  1807 | D        | Killed a shining eye
  1807 | D        | Received a gift from Sif Muna
  1808 | D        | Got Sif Muna's Volume of Spatial Transmutation {god gift}
  1809 | D        | Paralysed by a floating eye for 3 turns
  1816 | D        | Paralysed by a floating eye for 3 turns
  1824 | D        | Paralysed by a floating eye for 3 turns
  1831 | D        | Paralysed by a floating eye for 3 turns
  1832 | D        | Killed a shining eye
  1840 | D        | Paralysed by a floating eye for 2 turns
  1844 | D        | Noticed a shining eye
  1846 | D        | Paralysed by a floating eye for 2 turns
  1854 | D        | Killed a shining eye
  1855 | D        | Reached skill level 1 in Poison Magic
  1878 | D        | Killed a shining eye
  1934 | D        | Killed a shining eye
  1935 | D        | Reached skill level 1 in Air Magic
  1935 | D        | Reached XP level 11. HP: 63/63 MP: 13/26
  1943 | D        | Killed a shining eye
  1952 | D        | Paralysed by a floating eye for 2 turns
  1969 | D        | Killed a shining eye
  1969 | D        | Received a gift from Sif Muna
  1983 | D        | Found Ciliav's Armour Shoppe.
  1983 | D        | Found Aroicugi's Magic Scroll Shop.
  1983 | D        | Found Suyceuhogg's Book Emporium.
  1983 | D        | Found Xejuydgh's Assorted Antiques.
  2063 | D        | Bought the ring "Nadostrec" {rF+ Int+6 Dex+6} for 1191 gold
                  | pieces
  2081 | D        | Learned a level 4 spell: Iskenderun's Mystic Blast
  2186 | D        | Reached ****** piety under Sif Muna
  2186 | D        | Received a gift from Sif Muna
  2192 | D        | Got Sif Muna's Incunabulum of Spatial Feathers {god gift}
  2339 | D        | Noticed a lindwurm
  2344 | D        | Killed a lindwurm
  2345 | D        | Reached skill level 5 in Summonings
  2398 | D        | Reached skill level 1 in Earth Magic
  2402 | D        | Received a gift from Sif Muna
  2404 | D        | Got Sif Muna's Tome of Attacks and Contamination {god gift}
  2596 | D        | Noticed a 12-headed hydra
  2600 | D        | Received a gift from Sif Muna
  2601 | D        | Killed a 12-headed hydra
  2604 | D        | Got Sif Muna's Catalogue of the Oath and Translocation {god
                  | gift}
  2697 | D        | Noticed a daeva
  3095 | D        | Bought the ring "Maxabau" {rPois rC+ Slay+5} for 800 gold
                  | pieces
  3183 | D        | Learned a level 4 spell: Hailstorm
  3192 | D        | Noticed a lorocyproca
  3198 | D        | Slain by a lorocyproca

Illustrated notes

Levels and vault maps discovered:
D:        dungeon_sprint_1 [red_sonja_temple_1, red_sonja_temple_small_1]

Skill      XL: |  1  2  3  4  5  6  7  8  9 10 11 |
---------------+----------------------------------+-----
Stealth        | 3 4 5 6 7 |  7.0
Conjurations   | 2 3 4 5 7 9 10 12 13 | 13.3
Fire Magic     | 5 7 9 10 12 13 14 | 14.8
Spellcasting   | 3 4 5 7 8 9 11 13 | 13.3
Hexes          | 2 3 4 |  4.5
Dodging        | 3 4 5 6 |  6.6
Invocations    | 4 6 8 |  8.3
Short Blades   | 1 2 3 4 |  4.2
Fighting       | 1 2 |  2.7
Translocations | 3 |  3.9
Summonings     | 2 6 |  6.5
Poison Magic   | 1 2 |  2.0
Air Magic      | 1 2 |  2.6
Earth Magic    | 2 |  2.9
Throwing       | |  0.4

Action                   |  1- 3 |  4- 6 |  7- 9 | 10-12 || total
-------------------------+-------+-------+-------+-------++-------
Melee: Tentacles         |     1 |       |       |     4 ||     5
       Unarmed           |     1 |       |       |       ||     1
       Dagger            |       |     1 |     6 |    18 ||    25
       Constrict         |       |       |       |     3 ||     3
       Rapier            |       |       |       |     9 ||     9
Throw: Dart              |       |       |     1 |     1 ||     2
 Cast: Foxfire           |    10 |     2 |     3 |    29 ||    44
       Conjure Flame     |     1 |     2 |     1 |     2 ||     6
       Inner Flame       |       |     1 |     1 |       ||     2
       Sticky Flame      |       |     3 |     3 |    14 ||    20
       Fireball          |       |       |    14 |    11 ||    25
       Call Imp          |       |       |       |    15 ||    15
       Mephitic Cloud    |       |       |       |     9 ||     9
       Bolt of Magma     |       |       |       |     9 ||     9
       Iskenderun's Myst |       |       |       |     5 ||     5
Invok: Channel Magic     |       |       |     1 |     2 ||     3
  Use: Potion            |     3 |       |       |     1 ||     4
       Scroll            |       |       |       |     1 ||     1
 Stab: Sleeping          |       |       |       |     3 ||     3
Armor: Skin              |       |       |       |     4 ||     4
Dodge: Dodged            |       |     4 |     2 |    31 ||    37

Table legend: (Time is in decaauts)
 A = Elapsed time spent in this place.
 B = Non-inter-level travel time spent in this place.
 C = Inter-level travel time spent in this place.
 D = Time resting spent in this place.
 E = Time spent auto-exploring this place.
 F = Levels seen in this place.
 G = Mean time per level.
                   A        B        C        D        E       F      G
               +--------+--------+--------+--------+--------+-----+--------+
         Total |   3191 |   3068 |    123 |   1482 |    182 |   1 | 3191.0 |
       Dungeon |   3191 |   3068 |    123 |   1482 |    182 |   1 | 3191.0 |
               +--------+--------+--------+--------+--------+-----+--------+

Top non-repeatable levels by time:
       D: 3191 daAuts
